 Dungeon Crawl Stone Soup version 0.21.1-1-g345015f (webtiles) character file.

70 cultivahabas the Poker (level 4, -2/37 HPs)
             Began as a Merfolk Monk on May 15, 2018.
             Was a Believer of the Shining One.
             Slain by an adder (5 damage)
             ... on level 4 of the Dungeon.
             The game lasted 00:07:46 (4417 turns).

cultivahabas the Poker (Merfolk Monk)               Turns: 4417, Time: 00:07:47

Health: -2/37      AC:  2    Str: 12    XL:     4   Next: 22%
Magic:  4/4        EV: 14    Int:  9    God:    the Shining One [**....]
Gold:   68         SH:  0    Dex: 16    Spells: 3/3 levels left

rFire    . . .     SeeInvis .   a - +0 spear
rCold    . . .     Gourm    .   (no shield)
rNeg     + . .     Faith    .   b - +0 robe
rPois    .         Spirit   .   (no helmet)
rElec    .         Reflect  .   (no cloak)
rCorr    .         Harm     .   (no gloves)
MR       .....                  (no boots)
Stlth    +.........             (no amulet)
HPRegen  0.12/turn              (no ring)
MPRegen  0.09/turn              (no ring)

@: starving, glowing
A: change form in water, swift swim, stealthy swim
a: Divine Shield, Renounce Religion


You were on level 4 of the Dungeon.
You worshipped the Shining One.
The Shining One was pleased with you.
You were starving.

You visited 2 branches of the dungeon, and saw 5 of its levels.

You collected 68 gold pieces.

Inventory:

Hand Weapons
 a - a +0 spear (weapon)
 h - a +0 dagger
Missiles
 j - 52 stones (quivered)
Armour
 b - a +0 robe (worn)
Scrolls
 d - 5 scrolls of identify {unknown}
 e - 4 scrolls of enchant armour {unknown}
 f - 2 scrolls of remove curse {unknown}
 i - 4 scrolls of teleportation {unknown}
 l - a scroll of enchant weapon {unknown}
 n - a scroll of magic mapping {unknown}
Potions
 g - a potion of might {unknown}
 k - a potion of curing {unknown}
 m - a potion of flight {unknown}
Comestibles
 c - 3 rations


   Skills:
 + Level 4.1 Fighting
 * Level 6.4 Polearms
 - Level 4.0 Dodging
 - Level 2.1 Stealth


You had 3 spell levels left.
You didn't know any spells.

Dungeon Overview and Level Annotations

Branches:
Dungeon (4/15)             Temple (1/1) D:4

Altars:
Kikubaaqudgha
Nemelex Xobeh
Ru
Yredelemnul
Zin
The Shining One

Annotations:
D:3 Sigmund
D:4 cultivahabas's ghost, amateur MfGl


Message History

You hit the gnoll.
The gnoll is severely wounded.
The gnoll hits you with a flail.
* * * LOW HITPOINT WARNING * * *
You barely miss the gnoll.
The gnoll is severely wounded.
You barely miss the gnoll.
The gnoll is severely wounded.
The gnoll barely misses you.
You hit the gnoll.
The gnoll is severely wounded.
The gnoll closely misses you. The gnoll closely misses you.
Attack whom?
Press: ? - help, Dir - move target cursor, f - gnoll
Aim: a gnoll, wielding a flail (severely wounded, haloed)
You hit the gnoll.
You kill the gnoll!
You hit the adder but do no damage. The adder bites you.
You die...

... #.. #..
#.##..
..##..# #.#
..# #)# ...
#S# #.# #@#
#.# #.###.###
#.#....<#
#.#.#.#.#
#.)...#.#
#.........#
###.....#....
###########


You could see an adder.

Vanquished Creatures
  3 gnolls (D:4)
  A worm (D:3)
  5 giant cockroaches
  4 goblins
  5 hobgoblins
  A jackal (D:1)
  4 kobolds
  2 quokkas
  A ball python (D:1)
  6 bats
  A frilled lizard (D:3)
  3 rats
36 creatures vanquished.

Notes
Turn   | Place    | Note
-------+----------+-------------------------------------------
     0 | D:1      | cultivahabas the Merfolk Monk began the quest for the Orb.
     0 | D:1      | Reached XP level 1. HP: 18/18 MP: 1/1
   281 | D:1      | Reached XP level 2. HP: 23/24 MP: 2/2
   291 | D:1      | Reached skill level 5 in Polearms
  1392 | D:2      | Reached XP level 3. HP: 30/30 MP: 3/3
  3470 | D:3      | Noticed Sigmund
  3512 | D:4      | Noticed cultivahabas's ghost (amateur MfGl)
  3589 | D:4      | Reached skill level 6 in Polearms
  3985 | D:4      | Found a staircase to the Ecumenical Temple.
  3996 | Temple   | Entered the Ecumenical Temple
  4017 | Temple   | Became a worshipper of the Shining One
  4017 | Temple   | Reached * piety under the Shining One
  4017 | Temple   | Reached ** piety under the Shining One
  4404 | D:4      | Reached XP level 4. HP: 7/37 MP: 4/4
  4417 | D:4      | Slain by an adder

Skill      XL: |  1  2  3 |
---------------+----------+-----
Polearms       | 5 6 |  6.4
Fighting       | 4 |  4.1
Dodging        | |  4.0
Stealth        | |  2.1

Action                   |  1- 3 |  4- 6 || total
-------------------------+-------+-------++-------
Melee: Spear             |   164 |    10 ||   174
Throw: Stone             |     2 |       ||     2
 Stab: Sleeping          |     8 |       ||     8
  Eat: Chunk             |     5 |       ||     5
       Ration            |     1 |       ||     1
Armor: Robe              |     8 |       ||     8
Dodge: Dodged            |    65 |     6 ||    71
